 Dungeon Crawl Stone Soup version 0.27-a0-1191-g601b473118 (webtiles) character file.

Game seed: 1949578348495234232

399 Vomitron the Ruffian (level 6, -5/53 HPs)
             Began as a Ghoul Monk on May 25, 2021.
             Was a Priest of Wu Jian.
             Slain by Eustachio
             ... wielding a +2 falchion of holy wrath
              (9 damage)
             ... on level 4 of the Dungeon.
             The game lasted 00:04:06 (2706 turns).

Vomitron the Ruffian (Ghoul Monk)                   Turns: 2706, Time: 00:04:06

Health: -5/53      AC:  7    Str: 16    XL:     6   Next: 84%
Magic:  5/5        EV: 11    Int:  5    God:    Wu Jian [***...]
Gold:   156        SH:  0    Dex: 12    Spells: 5/5 levels left

rFire    . . .     SeeInvis .     - Unarmed
rCold    + . .     Faith    .   (no shield)
rNeg     + + +     Spirit   .   d - +0 ring mail
rPois    ∞         Reflect  .   g - +0 helmet
rElec    .         Harm     .   (no cloak)
rCorr    .         Rampage  .   (no gloves)
Will     .....                  r - +0 pair of boots "Wiqalo Loudd" {Fly Stlth+}
Stlth    +++.......             o - amulet of regeneration
HPRegen  0.00/turn              (no ring)
MPRegen  0.09/turn              (no ring)

@: flying
A: claws 1, cold resistance 1, negative energy resistance 3, inhibited
regeneration, torment resistance 2
a: Renounce Religion, Wall Jump, Serpent's Lash


You were on level 4 of the Dungeon.
You worshipped Wu Jian.
Wu Jian was most pleased with you.
You visited 1 branch of the dungeon, and saw 4 of its levels.

You collected 156 gold pieces.

Inventory:

Missiles
 b - 19 poisoned darts (quivered)
Armour
 a - a +0 robe
 d - a +0 ring mail (worn)
 g - a +0 helmet (worn)
 p - a +0 pair of boots
 r - the +0 pair of boots "Wiqalo Loudd" (worn) {Fly Stlth+}
   (You found it on level 4 of the Dungeon)

   It grants you flight.
   It makes you more stealthy.
Jewellery
 i - a ring of positive energy
 o - an amulet of regeneration (around neck)
Wands
 q - a wand of acid (4)
Scrolls
 c - a scroll of noise {unknown}
 e - 2 scrolls of teleportation {unknown}
 f - a scroll of vulnerability {unknown}
 l - a scroll of torment {unknown}
 m - a scroll of identify {unknown}
 n - 3 scrolls of amnesia {unknown}
 s - a scroll of acquirement {unknown}
Potions
 h - 3 potions of curing {unknown}
 j - 2 potions of ambrosia {unknown}
 k - a potion of haste {unknown}


   Skills:
 + Level 4.6 Fighting
 + Level 2.4 Armour
 + Level 2.6 Dodging
 - Level 4.1 Stealth
 * Level 5.7 Unarmed Combat


You had 5 spell levels left.
You didn't know any spells.
Your spell library contained the following spells:

 Spells                   Type           Power      Damage    Failure   Level
 Animate Skeleton         Necr           0%         N/A       69%         1
 Magic Dart               Conj           0%         1d3       69%         1
 Pain                     Necr           0%         1d4       69%         1
 Searing Ray              Conj           0%         3d3       83%         2
 Confusing Touch          Hex            0%         N/A       96%         3
 Dazzling Flash           Conj/Hex       0%         N/A       96%         3
 Gell's Gravitas          Tloc           0%         N/A       96%         3
 Vampiric Draining        Necr           0%         2d6       96%         3
 Animate Dead             Necr           0%         N/A       100%        4
 Fulminant Prism          Conj/Hex       0%         3d6       100%        4
 Iskenderun's Mystic Bla  Conj/Tloc      0%         2d3       100%        4
 Petrify                  Tmut/Erth      0%         N/A       100%        4
 Agony                    Necr           0%         N/A       100%        5
 Metabolic Englaciation   Hex/Ice        0%         N/A       100%        5
 Yara's Violent Unravell  Hex/Tmut       0%         3d3       100%        5


Dungeon Overview and Level Annotations

Branches:
Dungeon (4/15)
 Temple: D:4-7

Altars:
Wu Jian

Shops:
D:1 *   D:2 *

Annotations:
D:4 Eustachio


Innate Abilities, Weirdness & Mutations

You thrive by killing the living.
You are immune to poison.
You have sharp fingernails.
Your flesh is cold resistant. (rC+)
You are immune to negative energy. (rN+++)
You do not regenerate when monsters are visible.
You are immune to unholy pain and torment.


Message History

The Council accepts your kill.
A scorpion comes into view.
Eustachio shouts!
Eustachio mumbles some strange words.
Eustachio blinks!
Eustachio misses you.
You claw Eustachio! Your claw misses Eustachio.
Eustachio is moderately wounded.
Eustachio hits you with a +2 falchion of holy wrath!
You convulse!
You closely miss Eustachio.
Eustachio is moderately wounded.
Eustachio drinks a potion.
Eustachio seems to grow stronger.
You closely miss Eustachio.
Eustachio is moderately wounded.
Eustachio barely misses you.
You completely miss Eustachio.
Eustachio is moderately wounded.
The scorpion stings you.
Unknown command.
You barely miss Eustachio.
Eustachio is moderately wounded.
The scorpion stings you but does no damage.
Eustachio hits you with a +2 falchion of holy wrath!
You convulse!
* * * LOW HITPOINT WARNING * * *
The scorpion completely misses you.
You spin and attack Eustachio.
You closely miss Eustachio.
Eustachio is moderately wounded.
Eustachio casts a spell.
Unknown command.
You spin and attack Eustachio.
You claw Eustachio!
Eustachio is moderately wounded.
Eustachio hits you with a +2 falchion of holy wrath.
* * * LOW HITPOINT WARNING * * *
You convulse.
* * * LOW HITPOINT WARNING * * *
The scorpion stings you but does no damage.
Eustachio hits you with a +2 falchion of holy wrath!
You die...

#.........# #.. #.........# #..
#.........# #.. #.........# +..
#†.......r# #.. #.......r.# #..
###........r###############..
#...####...@s................
##.....#....@................
#.....#.....................
#.....#......)..............
#.....#......<..............
#.....#.....................
#####..###.....................
##..##..#......#######'#########
#.......#......#............#...
#.......#......#............#...


You could see Eustachio (strong), a scorpion and 3 river rats.

Vanquished Creatures
  Sigmund (D:4)
  A centaur zombie (D:3)
  A hound (D:4)
  Ijyb (D:4)
  Natasha (thrice) (D:2)
  A hound skeleton (D:3)
  2 adders (D:3)
  3 dart slugs
  3 ball pythons
  6 endoplasms
  4 giant cockroaches
  4 goblins
  4 hobgoblins
  8 jackals
  4 bats
  A frilled lizard (D:1)
  7 kobolds
  4 rats
58 creatures vanquished.

Notes
Turn   | Place    | Note
-------+----------+-------------------------------------------
     0 | D:1      | Vomitron the Ghoul Monk began the quest for the Orb.
     0 | D:1      | Reached XP level 1. HP: 19/19 MP: 0/0
     4 | D:1      | Found a faded altar of an unknown god.
    17 | D:1      | Became a worshipper of the Wu Jian Council
    17 | D:1      | Reached * piety under Wu Jian
    17 | D:1      | Reached ** piety under Wu Jian
   140 | D:1      | Reached XP level 2. HP: 23/26 MP: 1/1
   150 | D:1      | Reached *** piety under Wu Jian
   458 | D:1      | Found Kamaof's Assorted Antiques.
   504 | D:1      | Reached XP level 3. HP: 23/31 MP: 2/2
   852 | D:1      | Reached skill level 1 in Armour
   879 | D:2      | Noticed Natasha
   889 | D:2      | Killed Natasha
   890 | D:2      | Reached skill level 4 in Unarmed Combat
   890 | D:2      | Reached XP level 4. HP: 28/40 MP: 3/3
  1068 | D:2      | Found Erchoyfipt's Assorted Antiques.
  1080 | D:2      | Noticed Natasha
  1088 | D:2      | Killed Natasha
  1130 | D:2      | Noticed Natasha
  1141 | D:2      | Killed Natasha
  1456 | D:3      | Found an ornate altar of the Wu Jian Council.
  1559 | D:3      | Reached XP level 5. HP: 46/46 MP: 4/4
  2128 | D:3      | You fall into a shaft and drop 1 floor!
  2129 | D:4      | Noticed Ijyb
  2404 | D:3      | Reached skill level 5 in Unarmed Combat
  2449 | D:4      | Noticed Sigmund
  2468 | D:4      | Killed Sigmund
  2469 | D:4      | Reached XP level 6. HP: 51/53 MP: 5/5
  2495 | D:4      | Killed Ijyb
  2568 | D:4      | Identified the +0 pair of boots "Wiqalo Loudd" {Fly Stlth+}
  2687 | D:4      | Noticed Eustachio
  2706 | D:4      | Slain by Eustachio

Illustrated notes

Levels and vault maps discovered:
D:1:      eino_arrival_water_cross, layout_loops_ring, serial_shops,
          nicolae_shop_behind_doors, basic_ecumenical_altar, grunt_decor_cap
D:2:      layout_rooms, serial_shops, shop, uniq_natasha
D:3:      layout_basic, nicolae_wu_jian_wuxing_cycle, serial_aquarium,
          aquarium_bridge_long_joined [aquarium_subvault_bridge,
          aquarium_subvault_bridge, aquarium_subvault_wall,
          aquarium_subvault_bridge, aquarium_subvault_balcony,
          aquarium_subvault_bridge], aquarium_bridge_square
          [aquarium_subvault_bridge, aquarium_subvault_window,
          aquarium_subvault_wall, aquarium_subvault_wall], aquarium_window_fake,
          aquarium_window_1, aquarium_window_corridor_1, aquarium_window_1,
          aquarium_view_2b, aquarium_view_2d, aquarium_balcony_5a,
          aquarium_pool_2
D:4:      layout_gridville, uniq_eustachio, uniq_ijyb, uniq_sigmund

Skill      XL: |  1  2  3  4  5 |
---------------+----------------+-----
Armour         | 1 2 |  2.4
Unarmed Combat | 4 5 |  5.7
Stealth        | 3 4 |  4.1
Fighting       | 4 |  4.6
Dodging        | |  2.6

Action                   |  1- 3 |  4- 6 || total
-------------------------+-------+-------++-------
Melee: Unarmed           |    75 |   127 ||   202
       Punch             |       |     1 ||     1
Invok: Lunge             |    11 |     7 ||    18
       Whirlwind         |       |     2 ||     2
 Stab: Sleeping          |     4 |     4 ||     8
Armor: Robe              |     6 |       ||     6
       Ring mail         |     4 |    41 ||    45
Dodge: Dodged            |    35 |    67 ||   102

Table legend: (Time is in decaauts)
 A = Elapsed time spent in this place.
 B = Non-inter-level travel time spent in this place.
 C = Inter-level travel time spent in this place.
 D = Time resting spent in this place.
 E = Time spent auto-exploring this place.
 F = Levels seen in this place.
 G = Mean time per level.
                   A        B        C        D        E       F      G
               +--------+--------+--------+--------+--------+-----+--------+
         Total |   2692 |   2608 |     84 |    121 |   1984 |   4 |  673.0 |
       Dungeon |   2692 |   2608 |     84 |    121 |   1984 |   4 |  673.0 |
               +--------+--------+--------+--------+--------+-----+--------+

Top non-repeatable levels by time:
     D:3: 983 daAuts
     D:1: 874 daAuts
     D:2: 574 daAuts
     D:4: 260 daAuts
